 Dungeon Crawl Stone Soup version 0.28.0-49-g6dfe1f597d (webtiles) character file.

Game seed: 11637056891322348626

140 Zeld the Changer (level 5, -5/33 HPs)
             Began as an Octopode Transmuter on May 15, 2022.
             Slain by an ice beast (11 damage)
             ... in the Ecumenical Temple.
             The game lasted 00:02:57 (4021 turns).

Zeld the Changer (Octopode Transmuter)              Turns: 4021, Time: 00:02:58

Health: -5/33      AC:  1    Str: 11    XL:     5   Next: 22%
Magic:  9/9        EV: 13    Int: 16    God:
Gold:   151        SH:  0    Dex: 12    Spells: 0/10 levels left

rFire   . . .      SeeInvis .     - Unarmed
rCold   . . .      Faith    .   (no shield)
rNeg    . . .      Spirit   .   (helmet restricted)
rPois   .          Reflect  .   (no amulet)
rElec   .          Harm     .   (no ring)
rCorr   .          Rampage  .   (no ring)
Will    .....                   (no ring)
Stlth   +++.......              (no ring)
HPRegen 0.11/turn               (no ring)
MPRegen 0.11/turn               (no ring)
                                (no ring)
                                (no ring)

@: no status effects
A: almost no armour, amphibious, 8 rings, camouflage 1, gelatinous body 1,
(nimble swimmer 1), tentacles
a: no special abilities


You were in the Ecumenical Temple.
You visited 2 branches of the dungeon, and saw 6 of its levels.

You collected 151 gold pieces.

Inventory:

Scrolls
 a - a scroll of teleportation {unknown}
 b - a scroll of identify {unknown}
 f - a scroll of magic mapping {unknown}
 g - a scroll of enchant armour {unknown}
Potions
 c - 2 potions of might {unknown}
 d - a potion of heal wounds {unknown}
 e - 2 potions of curing {unknown}
 h - a potion of haste


   Skills:
 - Level 1.0 Fighting
 - Level 2.0 Dodging
 + Level 2.2 Stealth
 - Level 3.0 Unarmed Combat
 * Level 3.0 Spellcasting
 * Level 3.2 Transmutations
 + Level 1.5 Ice Magic
 + Level 1.9 Poison Magic


You couldn't memorise any spells.
You knew the following spells:

 Your Spells              Type           Power      Damage    Failure   Level
a - Beastly Appendage     Tmut           24%        N/A       4%          1
b - Wereblood             Tmut           12%        N/A       8%          2
c - Spider Form           Tmut/Pois      10%        N/A       19%         3
d - Ice Form              Ice/Tmut       10%        N/A       56%         4

Your spell library contained the following spells:

 Spells                   Type           Power      Damage    Failure   Level
 Sting                    Tmut/Pois      40%        1d5       6%          1
 Poisonous Vapours        Pois/Air       10%        N/A       19%         2
 Dazzling Flash           Conj/Hex       4%         N/A       50%         3
 Olgreb's Toxic Radiance  Pois           8%         N/A       63%         4
 Iskenderun's Mystic Bla  Conj/Tloc      2%         2d3       88%         4
 Starburst                Conj/Fire      1%         6d3       100%        6


Dungeon Overview and Level Annotations

Branches:
Dungeon (5/15)             Temple (1/1) D:5

Altars:
Cheibriados
Dithmenos
Hepliaklqana
Okawaru
Trog
Uskayaw
Wu Jian

Annotations:
D:4 Menkaure


Innate Abilities, Weirdness & Mutations

You cannot wear most types of armour.
You are amphibious.
You can wear up to eight rings at the same time.
Your skin changes colour to match your surroundings (Stealth+).
Your rubbery body absorbs attacks. (AC +1, EV +1)
((You are camouflaged when in or above water. (Stealth+)))
You have tentacles for arms and can constrict up to eight enemies at once.


Message History

Found a scroll labelled ANIX VIRRIRPHO.
Your tentacle spike disappears.
A quokka comes into view.
Found a mace.
Casting: Beastly Appendage (safe; 4% risk of failure)
Confirm with . or Enter, or press ? or * to list all spells.
One of your tentacles grows a vicious spike.
The quokka closely misses you. The quokka barely misses you.
You tentacle-slap the quokka. Your grab misses the quokka.
You squeeze the quokka.
You kill the quokka!
You see here a quokka corpse.
No target in view!
You hear the slow hiss of a very distant avalanche of sand.
Found 2 murky orange potions.
Found a staircase to the Ecumenical Temple.
Your transformation is almost over.
An ice beast comes into view.
You see here 2 murky orange potions.
There is a staircase to the Ecumenical Temple here.
Your tentacle spike disappears.
The ice beast barely misses you.
There is a staircase to the Ecumenical Temple here.
The ice beast hits you. The ice beast freezes you.
You climb downwards.
Welcome to the Ecumenical Temple!
There is a staircase back to the Dungeon here.
The ice beast barely misses you. The ice beast closely misses you.
Found an iron altar of Okawaru.
Found a hazy altar of Hepliaklqana.
The ice beast hits you. The ice beast freezes you.
Found a bloodstained altar of Trog.
Found a snail-covered altar of Cheibriados.
The ice beast closely misses you.
Found a shadowy altar of Dithmenos.
The ice beast hits you. The ice beast freezes you! The ice beast hits you.
* * * LOW HITPOINT WARNING * * *
The ice beast freezes you!
You die...

♣P♣......♣♣
♣♣♣♣.._..P♣
♣.......♣♣
...♣♣♣...♣♣ P♣
♣♣..♣♣♣♣♣♣♣
♣♣.♣♣P♣♣.♣♣♣♣♣♣
♣...♣....♣♣...♣♣
♣♣♣...P♣.......♣
♣.♣♣♣♣♣♣@._..♣
♣♣♣ ♣.Y...♣
♣.♣...♣♣ ♣♣♣♣♣♣♣


You could see an ice beast.

Vanquished Creatures
  A bullfrog skeleton (D:5)
  2 adders
  3 gnolls (D:4)
  An ufetubus (D:4)
  An adder zombie (D:5)
  An orc (D:4)
  3 ball pythons
  6 bats
  5 endoplasms
  2 giant cockroaches
  A goblin (D:2)
  8 hobgoblins
  4 jackals (D:3)
  4 quokkas
  3 frilled lizards
  A goblin skeleton (D:4)
  2 kobolds
  7 rats
55 creatures vanquished.

Notes
Turn   | Place    | Note
-------+----------+-------------------------------------------
     0 | D:1      | Zeld the Octopode Transmuter began the quest for the Orb.
     0 | D:1      | Reached XP level 1. HP: 13/13 MP: 3/3
   486 | D:1      | Reached XP level 2. HP: 14/18 MP: 3/5
   953 | D:2      | Learned a level 2 spell: Wereblood
  1486 | D:2      | Reached skill level 1 in Stealth
  1486 | D:2      | Reached skill level 1 in Poison Magic
  1661 | D:2      | Reached XP level 3. HP: 23/23 MP: 4/6
  1665 | D:2      | Learned a level 3 spell: Spider Form
  2006 | D:3      | Found a faded altar of an unknown god.
  2272 | D:3      | Reached skill level 1 in Ice Magic
  2849 | D:3      | Found an ornate altar of the Wu Jian Council.
  2989 | D:3      | Reached XP level 4. HP: 28/28 MP: 5/7
  3190 | D:4      | Found a hide-covered altar of Uskayaw.
  3268 | D:4      | Noticed Menkaure
  3891 | D:5      | Entered Level 5 of the Dungeon
  3908 | D:5      | Reached XP level 5. HP: 27/33 MP: 7/9
  3917 | D:5      | Learned a level 4 spell: Ice Form
  3948 | D:5      | Found a staircase to the Ecumenical Temple.
  3954 | D:5      | Noticed an ice beast
  3962 | Temple   | Entered the Ecumenical Temple
  4021 | Temple   | Slain by an ice beast

Illustrated notes

Levels and vault maps discovered:
D:1:      tarquinn_simple_flora_water_b, layout_rooms
D:2:      layout_loops_ring
D:3:      layout_basic, nicolae_overflow_hidden_temple, serial_glass,
          glass_columns_a, glass_columns_b, glass_columns_c, glass_columns_b,
          glass_columns_c, hellmonk_ecumenical_altar_pennies_from_heaven
D:4:      minmay_inner_zag, layout_basic, nicolae_uskayaw_suspiria,
          nicolae_tso_besieged_by_evil, nicolae_shop_clearance, uniq_menkaure
D:5:      layout_rooms, minmay_temple_entry_mist,
          nicolae_ossuary_entry_monument, minmay_misc_feat_nine_boxes
Temple:   minmay_temple_forest_path

Skill      XL: |  1  2  3  4 |
---------------+-------------+-----
Stealth        | 1 2 |  2.2
Poison Magic   | 1 |  1.9
Ice Magic      | 1 |  1.5
Transmutations | 3 |  3.2
Spellcasting   | 3 |  3.0
Fighting       | |  1.0
Dodging        | |  2.0
Unarmed Combat | |  3.0

Action                   |  1- 3 |  4- 6 || total
-------------------------+-------+-------++-------
Melee: Unarmed           |    95 |    32 ||   127
       Constrict         |    24 |     6 ||    30
       Kick              |    16 |     2 ||    18
       Tentacles         |    14 |     5 ||    19
 Cast: Beastly Appendage |    30 |     7 ||    37
       Spider Form       |       |     1 ||     1
 Stab: Sleeping          |     7 |       ||     7
Armor: Skin              |    11 |     1 ||    12
Dodge: Dodged            |    79 |    26 ||   105
